[Event "Titled Tuesday Blitz April 25 Early 2023"]
[White "Rudzinska, Michalina"]
[Black "Sviridov, Valery"]
[WhiteFideId "1172883"]
[BlackFideId "4120680"]
[WhiteElo "2219"]
[BlackElo "2457"]
[Result "0-1"]
[Round "02"]
[TimeControl "180+2"]
[Date "2023.04.25"]
[WhiteClock "0:00:05"]
[BlackClock "0:01:16"]

1. e4 Nf6 2. e5 Nd5 3. d4 d6 4. c4 Nb6 5. exd6 exd6 6. Nc3 Be7 7. Be3 O-O 8. Bd3 Nc6 9. Nge2 Bf6 10. b3 Re8 11. O-O Bg4 12. Qd2 d5 13. c5 Bxe2 14. Nxe2 Nc8 15. Ng3 g6 16. Bc2 N8e7 17. b4 a6 18. a4 a5 19. b5 Nb4 20. Bb1 Qd7 21. f4 Nf5 22. Nxf5 gxf5 23. Bf2 Rad8 24. Ra3 Re4 25. Rh3 Qe6 26. Bxe4 dxe4 27. Qe2 Bg7 28. Rd1 c6 29. bxc6 bxc6 30. Rg3 Nd5 31. Be3 Kh8 32. h4 Nc3 33. Qe1 Nxd1 34. Qxd1 Qd5 35. Kh2 Bxd4 36. Bxd4+ Qxd4 37. Qh5 Qf6 38. Rg5 Rd5 39. Qe2 h6 40. Rg3 Qxh4+ 41. Rh3 Qxf4+ 42. Kg1 Rxc5 43. Qb2+ Kh7 44. g3 Rc1+ 45. Kh2 Qf1 46. Qg2 Qxg2+ 47. Kxg2 Rc4 48. Rh4 Rxa4 49. g4 f4 50. g5 Ra2+ 51. Kf1 f3 52. Rxh6+ Kg7 53. Rxc6 e3 54. Rc1 Kg6 55. Rb1 Kxg5 56. Kg1 Kf4 57. Kh1 a4 58. Rb4+ Kg3 59. Rb1 a3 60. Rg1+ Kf4 61. Re1 Rb2 62. Rf1 a2 63. Rd1 Rb1 0-1


[Site "https://www.chess.com"]

[Event "Titled Tuesday Blitz April 25 Early 2023"]
[White "hakanazeri2"]
[Black "Pandey Srishti"]
[BlackFideId "35093290"]
[WhiteElo "2631"]
[BlackElo "2083"]
[Result "1-0"]
[Round "02"]
[TimeControl "180+2"]
[Date "2023.04.25"]
[WhiteClock "0:01:03"]
[BlackClock "0:00:08"]

1. d4 Nf6 2. Nc3 d5 3. Bf4 g6 4. e3 Bg7 5. Nf3 O-O 6. Bd3 Nbd7 7. e4 dxe4 8. Nxe4 Nxe4 9. Bxe4 c5 10. Be3 cxd4 11. Bxd4 e5 12. Be3 Nf6 13. Qxd8 Rxd8 14. Bg5 h6 15. Bxf6 Bxf6 16. c4 Rb8 17. b3 Bg7 18. Rd1 Rxd1+ 19. Kxd1 Be6 20. Kc1 f5 21. Bc2 e4 22. Nd2 b5 23. Re1 bxc4 24. Nxc4 Bc3 25. Re2 Kg7 26. f3 Bxc4 27. bxc4 exf3 28. gxf3 Kf6 29. Bb3 Bd4 30. Kc2 a5 31. f4 g5 32. fxg5+ hxg5 33. c5 Bxc5 34. Re6+ Kg7 35. Re5 Bd6 36. Rxf5 Bxh2 37. Rxg5+ Kf6 38. Rxa5 Bd6 39. Kd3 Ke7 40. Rh5 Bb4 41. Rh6 Ba3 42. Kc4 Kd7 43. Ba4+ Ke7 44. Bb5 Bd6 45. a4 Bc7 46. Kc5 Ba5 47. Ra6 Rc8+ 48. Bc6 Be1 49. Ra7+ Ke6 50. Rh7 Ke5 51. Re7+ Kf6 52. Rxe1 Rb8 53. a5 Rb2 54. Ra1 Ra2 55. Rxa2 Ke5 56. a6 Kf4 57. a7 Ke3 58. a8=Q 1-0


[Site "https://www.chess.com"]

[Event "Titled Tuesday Blitz April 25 Early 2023"]
[White "Ansh M Shah"]
[Black "TartineDeNutella"]
[WhiteFideId "25033379"]
[WhiteElo "2084"]
[BlackElo "2619"]
[Result "0-1"]
[Round "02"]
[TimeControl "180+2"]
[Date "2023.04.25"]
[WhiteClock "0:00:04"]
[BlackClock "0:01:08"]

1. d4 Nf6 2. c4 e6 3. g3 Bb4+ 4. Nd2 O-O 5. Bg2 d5 6. Nf3 c6 7. O-O Ne4 8. Qc2 f5 9. a3 Bd6 10. Ne5 Nxd2 11. Bxd2 Nd7 12. Nxd7 Bxd7 13. f3 Qf6 14. Bc3 f4 15. e4 Be7 16. Rae1 Rae8 17. e5 Qh6 18. Bd2 Bg5 19. g4 Rc8 20. Rc1 Be8 21. c5 Bg6 22. Qd1 Bd3 23. Re1 Bh4 24. Bf1 Bxe1 25. Bxd3 Bxd2 26. Qxd2 Qh3 27. Qf2 b6 28. b4 Qh6 29. cxb6 axb6 30. b5 cxb5 31. Rb1 Rc3 32. Bxb5 Qg6 33. Bf1 Qxb1 0-1


[Site "https://www.chess.com"]

[Event "Titled Tuesday Blitz April 25 Early 2023"]
[White "Al Mukhaini, Shima"]
[Black "Pacan-Milej, Kosma"]
[WhiteFideId "22005854"]
[BlackFideId "21800537"]
[WhiteElo "2371"]
[BlackElo "2302"]
[Result "0-1"]
[Round "02"]
[TimeControl "180+2"]
[Date "2023.04.25"]
[WhiteClock "0:00:52"]
[BlackClock "0:00:48"]

1. e4 c6 2. d4 d5 3. Bd3 dxe4 4. Bxe4 Nf6 5. Bf3 g6 6. Ne2 Bg7 7. Bf4 O-O 8. O-O Nd5 9. Bg3 Qb6 10. c4 Qxb2 11. cxd5 Qxa1 12. Qc2 Bf5 13. Qb3 c5 14. Nbc3 c4 15. Qa3 Qxf1+ 16. Kxf1 Nd7 17. Qxe7 Rfe8 18. Qb4 Bd3 19. Qxb7 Bxd4 20. Qxd7 Bxc3 21. d6 Rab8 22. Qxe8+ Rxe8 23. d7 Rd8 24. Bc6 Ba5 25. Bh4 Rb8 26. f4 c3 27. Kf2 Bxe2 28. Kxe2 c2 29. d8=Q+ Bxd8 30. Bxd8 Rxd8 0-1


[Site "https://www.chess.com"]

[Event "Titled Tuesday Blitz April 25 Early 2023"]
[White "Vlassov, Nikolai"]
[Black "Avalos Parra, Joao"]
[WhiteFideId "4103360"]
[BlackFideId "3402541"]
[WhiteElo "2324"]
[BlackElo "2173"]
[Result "1-0"]
[Round "02"]
[TimeControl "180+2"]
[Date "2023.04.25"]
[WhiteClock "0:00:36"]
[BlackClock "0:00:20"]

1. e4 e5 2. Bc4 Nf6 3. d3 Nc6 4. Nf3 Bc5 5. Bg5 Be7 6. Nc3 d6 7. h3 O-O 8. Qe2 Nh5 9. Be3 Nf6 10. g4 Be6 11. g5 Nd7 12. Nd5 Na5 13. O-O-O c6 14. Nxe7+ Qxe7 15. Nd2 a6 16. f4 b5 17. Bxe6 fxe6 18. Rdf1 exf4 19. Bxf4 e5 20. Be3 Nb7 21. h4 Nbc5 22. h5 Ne6 23. Qg4 Rxf1+ 24. Nxf1 Rf8 25. Ng3 Qf7 26. Nf5 d5 27. g6 Qe8 28. h6 Qxg6 29. Ne7+ Kf7 30. Nxg6 hxg6 1-0


[Site "https://www.chess.com"]

[Event "Titled Tuesday Blitz April 25 Early 2023"]
[White "Lenaerts, Lennert"]
[Black "littlepillow2010"]
[WhiteFideId "211435"]
[WhiteElo "2334"]
[BlackElo "2368"]
[Result "1-0"]
[Round "02"]
[TimeControl "180+2"]
[Date "2023.04.25"]
[WhiteClock "0:01:50"]
[BlackClock "0:00:01"]

1. d4 d5 2. c4 c6 3. cxd5 cxd5 4. Bf4 Nf6 5. Nc3 Nc6 6. e3 Bf5 7. Nf3 Qb6 8. Bd3 Qxb2 9. Bxf5 Qxc3+ 10. Nd2 e6 11. Bc2 Bb4 12. Rb1 Na5 13. Ba4+ Ke7 14. Rc1 Qxd2+ 15. Qxd2 Bxd2+ 16. Kxd2 Nc4+ 17. Ke2 a6 18. f3 b5 19. Bb3 Rhc8 20. g4 Na5 21. Bc2 h6 22. Bd3 Kd7 23. h4 Rxc1 24. Rxc1 Rc8 25. Rb1 Rc3 26. g5 hxg5 27. hxg5 Ne8 28. Rh1 Ra3 29. Bb1 Nc4 30. Rh7 b4 31. e4 a5 32. exd5 exd5 33. Rh1 a4 34. Bc1 Rc3 35. Bf4 b3 36. axb3 Rxb3 37. Bc2 Rb2 38. Kd3 a3 39. Ba4+ Kd8 40. Rh8 Nd6 41. Bxd6 1-0


[Site "https://www.chess.com"]

[Event "Titled Tuesday Blitz April 25 Early 2023"]
[White "Luukkonen, Tommi"]
[Black "Juhasz, Agoston"]
[WhiteFideId "501808"]
[BlackFideId "778346"]
[WhiteElo "2296"]
[BlackElo "2211"]
[Result "0-1"]
[Round "02"]
[TimeControl "180+2"]
[Date "2023.04.25"]
[WhiteClock "0:00:02"]
[BlackClock "0:00:24"]

1. e4 Nf6 2. e5 Nd5 3. d4 d6 4. c4 Nb6 5. f4 g6 6. Nc3 Bg7 7. Be3 Kf8 8. Nf3 Bg4 9. Qd2 Bxf3 10. gxf3 N8d7 11. h4 h5 12. O-O-O e6 13. Ne4 d5 14. Nc5 dxc4 15. Nxb7 Qe7 16. Nc5 Kg8 17. Rg1 Kh7 18. Qc2 Rhd8 19. Ne4 Nd5 20. Bd2 c5 21. dxc5 Nxc5 22. Nd6 Rxd6 23. exd6 Qxd6 24. Bxc4 Rb8 25. b3 a5 26. Rg5 a4 27. Rxh5+ Kg8 28. b4 gxh5 29. bxc5 Qxc5 30. Rg1 Qxg1+ 0-1


[Site "https://www.chess.com"]

[Event "Titled Tuesday Blitz April 25 Early 2023"]
[White "Luong Phuong Hanh"]
[Black "Golichenko, Ilija"]
[WhiteFideId "12401013"]
[BlackFideId "14117223"]
[WhiteElo "2081"]
[BlackElo "2339"]
[Result "0-1"]
[Round "02"]
[TimeControl "180+2"]
[Date "2023.04.25"]
[WhiteClock "0:00:07"]
[BlackClock "0:01:37"]

1. d4 Nf6 2. Nf3 e6 3. e3 b6 4. Bd3 Bb7 5. O-O d5 6. b3 Bd6 7. Bb2 O-O 8. Nbd2 Ne4 9. Ne5 f6 10. Nef3 Nd7 11. Ne1 f5 12. f3 Bxh2+ 13. Kxh2 Qh4+ 14. Kg1 Ng3 15. f4 Nf6 16. Nef3 Qh1+ 17. Kf2 Nxf1 18. Qxf1 Ng4+ 19. Ke2 Qh6 20. Qh1 Qg6 21. Ne5 Nxe5 22. dxe5 c5 23. Kf2 Rfd8 24. Be2 d4 25. exd4 cxd4 26. Qh5 Qxg2+ 27. Ke1 Qg3+ 28. Kd1 Qxf4 29. Bd3 Be4 30. Bxe4 fxe4 31. Qe2 d3 32. cxd3 Rxd3 33. Rc1 Rad8 34. Rc2 e3 0-1


[Site "https://www.chess.com"]

[Event "Titled Tuesday Blitz April 25 Early 2023"]
[White "Akash G"]
[Black "Buscar, Michael"]
[WhiteFideId "5040299"]
[BlackFideId "2603616"]
[WhiteElo "2395"]
[BlackElo "2010"]
[Result "1-0"]
[Round "02"]
[TimeControl "180+2"]
[Date "2023.04.25"]
[WhiteClock "0:00:18"]
[BlackClock "0:00:06"]

1. e4 c5 2. Nf3 Nc6 3. d4 cxd4 4. Nxd4 Nf6 5. Nc3 e5 6. Ndb5 h6 7. Nd5 Nxd5 8. exd5 a6 9. Nc3 Nd4 10. Be3 Nf5 11. Bd2 Bc5 12. Bd3 d6 13. O-O O-O 14. Ne4 Ba7 15. Bb4 b5 16. c3 Bb7 17. Bc2 Rc8 18. a4 Bc5 19. axb5 Bxb4 20. bxa6 Ba8 21. cxb4 Nd4 22. Nc3 Nxc2 23. Qxc2 Bxd5 24. Qd2 Ba8 25. Rfe1 Qb6 26. b5 f6 27. Qe3 Rc5 28. Na4 Qxb5 29. Nxc5 dxc5 30. Rec1 Rc8 31. Ra3 Qxb2 32. Qb3+ Qxb3 33. Rxb3 Kf7 34. a7 Rc7 35. Ra3 c4 36. f3 Ke7 37. Kf2 Kd7 38. Ke3 Kc6 39. Rxc4+ 1-0


[Site "https://www.chess.com"]

[Event "Titled Tuesday Blitz April 25 Early 2023"]
[White "Asavasaetakul, Chawit"]
[Black "Xie, Bryan"]
[WhiteFideId "6204856"]
[BlackFideId "30941296"]
[WhiteElo "1919"]
[BlackElo "2033"]
[Result "1-0"]
[Round "02"]
[TimeControl "180+2"]
[Date "2023.04.25"]
[WhiteClock "0:00:41"]
[BlackClock "0:00:09"]

1. e4 c5 2. c3 Nf6 3. e5 Nd5 4. d4 cxd4 5. cxd4 e6 6. Nf3 d6 7. Bc4 Be7 8. O-O O-O 9. Qe2 b6 10. Nc3 Nxc3 11. bxc3 Bb7 12. Rd1 Nd7 13. d5 Qc7 14. dxe6 Bxf3 15. exf7+ Kh8 16. gxf3 Nxe5 17. Bd5 Rac8 18. Bb2 Nxf7 19. c4 Ne5 20. Kh1 Rf6 21. Rg1 Rcf8 22. Rg3 Rh6 23. Rag1 Bf6 24. f4 Ng6 25. Bxf6 Rxf6 26. Rxg6 hxg6 27. Qe8+ 1-0


[Site "https://www.chess.com"]

[Event "Titled Tuesday Blitz April 25 Early 2023"]
[White "Martic, Ivan"]
[Black "Fernandez Garcia, Gumersindo"]
[WhiteFideId "929301"]
[BlackFideId "24516740"]
[WhiteElo "2360"]
[BlackElo "2093"]
[Result "1-0"]
[Round "02"]
[TimeControl "180+2"]
[Date "2023.04.25"]
[WhiteClock "0:00:06"]
[BlackClock "0:00:11"]

1. e4 c5 2. Be2 g6 3. f4 Bg7 4. Nf3 Nc6 5. O-O d6 6. c3 Nf6 7. d3 O-O 8. Kh1 b5 9. Qe1 b4 10. Qh4 e6 11. c4 Nd7 12. Qg3 Nf6 13. Nbd2 d5 14. e5 Nh5 15. Qg4 Nd4 16. Nxd4 cxd4 17. Nf3 dxc4 18. dxc4 d3 19. Rd1 dxe2 20. Rxd8 Rxd8 21. Bd2 Bb7 22. Re1 Rd3 23. Rxe2 Rad8 24. Be1 Bxf3 25. gxf3 Bh6 26. Bg3 R3d4 27. Qh3 Bxf4 28. Kg2 Rxc4 29. Qh4 Rcd4 30. Qe7 Bxg3 31. hxg3 Ng7 32. Qxa7 Nf5 33. g4 Ng7 34. Rc2 h5 35. Kg3 hxg4 36. fxg4 Rd3+ 37. Kh4 Rf3 38. Rc8 Rxc8 39. Qb7 Rd8 40. Qxf3 Rd5 41. Qe3 Kh7 42. Kg5 Ne8 43. Qh3+ Kg7 44. Qe3 Nc7 45. Qf4 Ne8 46. Kh4 Kg8 47. Qe3 Ng7 48. Kg3 Ne8 49. Qa7 Kg7 50. Qe7 Nc7 51. Qf6+ Kg8 52. Qe7 Nb5 53. Qe8+ Kg7 54. Qe7 Nd4 55. Qxb4 Ne2+ 56. Kf2 Nd4 57. Qc4 Kg8 58. a4 g5 59. b4 Rxe5 60. Qxd4 Rd5 61. Qc4 Kg7 62. Qc8 f5 63. Qc3+ Kg6 64. a5 f4 65. Qc2+ Kf6 66. Qc8 e5 67. Qh8+ Ke6 68. Qg8+ Kd6 69. Qxg5 Rd2+ 70. Ke1 Rb2 71. Qf6+ Kd5 72. Qf7+ Ke4 73. Qb7+ Ke3 74. Qb6+ Kf3 75. Qc6+ e4 76. Qc3+ e3 77. Qxb2 Kg3 78. Qe2 f3 79. Qxe3 Kg2 80. Qf2+ Kh3 81. Qxf3+ Kh2 82. Qe2+ Kg1 83. g5 Kh1 84. Kd2 Kg1 85. Ke3 Kh1 86. Kf3 Kg1 87. Qg2# 1-0


[Site "https://www.chess.com"]

[Event "Titled Tuesday Blitz April 25 Early 2023"]
[White "BenchGM"]
[Black "Shimelkov, Vasiliy"]
[BlackFideId "13701630"]
[WhiteElo "2360"]
[BlackElo "2073"]
[Result "1-0"]
[Round "02"]
[TimeControl "180+2"]
[Date "2023.04.25"]
[WhiteClock "0:00:11"]
[BlackClock "0:00:06"]

1. d4 d5 2. c4 e6 3. Nf3 Nf6 4. g3 dxc4 5. Bg2 Nc6 6. Qa4 Bb4+ 7. Bd2 Nd5 8. Qb5 Bxd2+ 9. Nbxd2 c3 10. bxc3 Nxc3 11. Qb3 Nd5 12. O-O O-O 13. Rfc1 Nb6 14. Nc4 Nxc4 15. Qxc4 Qd6 16. Rab1 Rd8 17. e3 a5 18. Nd2 Ra6 19. Ne4 Qe7 20. Nc5 Rb6 21. Rb5 h6 22. Rcb1 Rxb5 23. Qxb5 Nb4 24. Qxa5 Nd5 25. Nxb7 Bxb7 26. Rxb7 Rd7 27. Rb8+ Kh7 28. Be4+ f5 29. Bxd5 Rxd5 30. Qa8 c5 31. dxc5 Rxc5 32. Rh8+ Kg6 33. Qe8+ Qxe8 34. Rxe8 Kf6 35. Ra8 e5 36. a4 g5 37. Kg2 g4 38. a5 h5 39. a6 Ra5 40. a7 Kg7 41. Kf1 Ra2 42. Ke1 Kh7 43. Kd1 h4 44. gxh4 f4 45. exf4 exf4 46. Kc1 f3 47. Kb1 Ra5 48. Kc2 Ra2+ 49. Kb3 Ra1 50. Kc4 Ra2 51. Kd4 Ra4+ 52. Ke5 1-0


[Site "https://www.chess.com"]

[Event "Titled Tuesday Blitz April 25 Early 2023"]
[White "Hirneise, Jens"]
[Black "Lopez Del Alamo, Antonio"]
[WhiteFideId "24614734"]
[BlackFideId "2227339"]
[WhiteElo "2345"]
[BlackElo "2175"]
[Result "1-0"]
[Round "02"]
[TimeControl "180+2"]
[Date "2023.04.25"]
[WhiteClock "0:00:33"]
[BlackClock "0:00:21"]

1. Nf3 Nf6 2. d4 g6 3. Nc3 d5 4. Bf4 Bg7 5. e3 a6 6. Be2 O-O 7. Ne5 c5 8. h4 Nc6 9. h5 Qa5 10. hxg6 hxg6 11. Nxc6 bxc6 12. Bf3 cxd4 13. exd4 Ne4 14. Bxe4 dxe4 15. Qd2 Rd8 16. Nxe4 Qxd2+ 17. Nxd2 Bxd4 18. c3 Bg7 19. O-O-O Be6 20. Nb3 a5 21. Rxd8+ Rxd8 22. Nxa5 c5 23. Nc6 Rd7 24. Re1 Bd5 25. Nxe7+ Kf8 26. Nxd5 Rxd5 27. a4 c4 28. Kc2 Ra5 29. Bd6+ Kg8 30. Ra1 Bh6 31. Bb4 Rf5 32. f3 Rg5 33. g4 Re5 34. a5 Bf4 35. a6 Bg3 36. a7 Re1 37. a8=Q+ Kg7 1-0


[Site "https://www.chess.com"]

[Event "Titled Tuesday Blitz April 25 Early 2023"]
[White "Gontcharov, Vladislav"]
[Black "Degtiarev, Evgeny"]
[WhiteFideId "4123492"]
[BlackFideId "4149610"]
[WhiteElo "2420"]
[BlackElo "2284"]
[Result "1-0"]
[Round "02"]
[TimeControl "180+2"]
[Date "2023.04.25"]
[WhiteClock "0:01:16"]
[BlackClock "0:00:51"]

1. e4 e5 2. Nf3 Nc6 3. Bb5 Nf6 4. d3 Bc5 5. O-O d6 6. c3 O-O 7. Bg5 h6 8. Bh4 Bg4 9. h3 Bxf3 10. Qxf3 g5 11. Bg3 Kg7 12. Nd2 Ne7 13. Ba4 Ng6 14. Bc2 Bb6 15. Rfe1 c5 16. Nf1 Qd7 17. Ne3 Ne7 18. Rad1 h5 19. h4 g4 20. Qe2 Rg8 21. Kh2 Bd8 22. Rf1 Kf8 23. d4 Qe6 24. Bb3 Qc8 25. dxe5 dxe5 26. Bxe5 Bc7 27. Bxc7 Qxc7+ 28. g3 Nxe4 29. Qc4 1-0


[Site "https://www.chess.com"]

[Event "Titled Tuesday Blitz April 25 Early 2023"]
[White "Szente Varga, Fruzsina"]
[Black "Toropov, Pavel"]
[WhiteFideId "712264"]
[BlackFideId "24129178"]
[WhiteElo "1994"]
[BlackElo "2182"]
[Result "0-1"]
[Round "02"]
[TimeControl "180+2"]
[Date "2023.04.25"]
[WhiteClock "0:00:06"]
[BlackClock "0:01:25"]

1. e4 e6 2. d4 d5 3. Nd2 dxe4 4. Nxe4 Nd7 5. c3 Ngf6 6. Bd3 Nxe4 7. Bxe4 Nf6 8. Bc2 c5 9. Be3 Qc7 10. Nf3 Bd6 11. O-O O-O 12. h3 b6 13. Bg5 Bb7 14. Bxf6 gxf6 15. Qd3 f5 16. Qe2 Kh8 17. Ne5 Rg8 18. f3 Rg7 19. Kh1 Rag8 20. Rf2 f6 21. Nc4 Bg3 22. Rff1 Bd5 23. Ne3 Bb7 24. dxc5 Qxc5 25. Bb3 Bc7 26. Nc4 b5 27. Ne3 Qd6 28. f4 Bb6 29. Rad1 Qc5 30. Rd4 Qc6 31. Rg1 Bxd4 32. cxd4 Qe4 33. Qf2 Rg3 34. Kh2 Rxe3 0-1


[Site "https://www.chess.com"]

[Event "Titled Tuesday Blitz April 25 Early 2023"]
[White "Sovetbekova, Nurai"]
[Black "Al-Tarboush, Ward"]
[WhiteFideId "13801910"]
[BlackFideId "7601450"]
[WhiteElo "1857"]
[BlackElo "2265"]
[Result "0-1"]
[Round "02"]
[TimeControl "180+2"]
[Date "2023.04.25"]
[WhiteClock "0:00:06"]
[BlackClock "0:00:54"]

1. d4 Nf6 2. c4 b6 3. Nc3 Bb7 4. d5 e6 5. e4 Bb4 6. Bd3 Bxc3+ 7. bxc3 e5 8. c5 bxc5 9. Qb3 Bc8 10. Nf3 d6 11. Qb5+ Nbd7 12. Bg5 O-O 13. O-O Rb8 14. Qa4 Nb6 15. Qc2 h6 16. Bh4 Bg4 17. Nd2 g5 18. Bg3 Nh5 19. h3 Bd7 20. Bh2 Qf6 21. a4 a5 22. Bb5 Bc8 23. Nb3 Ra8 24. Bc6 Ra7 25. Qd2 Bd7 26. Bxd7 Nxd7 27. c4 Rfa8 28. Rfb1 Nb6 29. Qe2 Nf4 30. Bxf4 exf4 31. f3 Nd7 32. Nc1 Qd4+ 33. Kh2 Ne5 34. Rb5 Qxc4 35. Qb2 Qd4 36. Qb3 Qxa1 0-1


[Site "https://www.chess.com"]

[Event "Titled Tuesday Blitz April 25 Early 2023"]
[White "Elgersma, Onno"]
[Black "Derichs, Roger"]
[WhiteFideId "1053531"]
[BlackFideId "4630076"]
[WhiteElo "2252"]
[BlackElo "2338"]
[Result "1-0"]
[Round "02"]
[TimeControl "180+2"]
[Date "2023.04.25"]
[WhiteClock "0:01:30"]
[BlackClock "0:00:16"]

1. Nf3 d5 2. b3 Bf5 3. Bb2 c6 4. g3 Nf6 5. Bg2 h6 6. O-O e6 7. d3 Be7 8. Nbd2 O-O 9. a3 a5 10. Ne1 Na6 11. Nef3 b5 12. Qe1 Bh7 13. e4 c5 14. Ne5 Qc7 15. f4 Rad8 16. g4 Nd7 17. Nxd7 Rxd7 18. f5 dxe4 19. Nxe4 exf5 20. gxf5 f6 21. Kh1 c4 22. Rg1 Kh8 23. bxc4 bxc4 24. Ng3 cxd3 25. cxd3 Nc5 26. Rc1 Qd8 27. Nh5 Bxf5 28. Nxg7 Nxd3 29. Qh4 Kh7 30. Nxf5 1-0


[Site "https://www.chess.com"]

[Event "Titled Tuesday Blitz April 25 Early 2023"]
[White "Bosnjak, Petar"]
[Black "mohsengabr2002"]
[WhiteFideId "14532581"]
[WhiteElo "2227"]
[BlackElo "2338"]
[Result "1-0"]
[Round "02"]
[TimeControl "180+2"]
[Date "2023.04.25"]
[WhiteClock "0:01:56"]
[BlackClock "0:01:32"]

1. d4 d5 2. c4 e6 3. Nc3 Nf6 4. cxd5 exd5 5. Bg5 c6 6. e3 Be7 7. Bd3 Nbd7 8. Qc2 Nf8 9. Bh4 Ng6 10. Bg3 Nh5 11. Nf3 Nxg3 12. hxg3 Bf6 13. b4 O-O 14. O-O Re8 15. b5 Qd6 16. bxc6 bxc6 17. Na4 Rb8 18. Rab1 Bg4 19. Nc5 Be7 20. Rfc1 Bxf3 21. gxf3 Qf6 22. Nd7 Qd6 23. Nxb8 Rxb8 24. Rxb8+ Qxb8 25. Qxc6 Nf8 26. Qxd5 Qb2 27. Rc7 Qc1+ 28. Rxc1 1-0


[Site "https://www.chess.com"]

[Event "Titled Tuesday Blitz April 25 Early 2023"]
[White "Fuzesabonyilaci"]
[Black "Kleiman, Jake"]
[BlackFideId "2020041"]
[WhiteElo "2336"]
[BlackElo "2522"]
[Result "0-1"]
[Round "02"]
[TimeControl "180+2"]
[Date "2023.04.25"]
[WhiteClock "0:01:18"]
[BlackClock "0:01:25"]

1. e4 e5 2. Nf3 Nc6 3. Bc4 Bc5 4. c3 Nf6 5. d3 O-O 6. O-O d5 7. exd5 Nxd5 8. Re1 Bg4 9. h3 Bh5 10. Nbd2 Nb6 11. Bb5 Bd6 12. Ne4 f5 13. Neg5 Qd7 14. Qb3+ Kh8 15. Qe6 Qxe6 16. Nxe6 Rf6 17. Neg5 h6 18. g4 fxg4 19. hxg4 Bxg4 20. Ne4 Rxf3 21. Kg2 Raf8 22. Be3 Bh3+ 23. Kh2 Ne7 24. Rg1 Be6 25. a4 Nbd5 26. Bd2 Nf4 27. Rg3 Rxg3 28. fxg3 Nh5 29. a5 a6 30. Ba4 Nf6 31. Nxd6 cxd6 32. Kg2 Bd5+ 33. Kg1 Nf5 34. Be1 Ng4 35. Bd1 Nfe3 36. Be2 Bf3 37. Bxf3 Rxf3 38. Bd2 Rxg3+ 39. Kh1 Rg2 0-1


[Site "https://www.chess.com"]

[Event "Titled Tuesday Blitz April 25 Early 2023"]
[White "Postnikov, Daniil"]
[Black "crosky"]
[WhiteFideId "4166329"]
[WhiteElo "2261"]
[BlackElo "2336"]
[Result "1-0"]
[Round "02"]
[TimeControl "180+2"]
[Date "2023.04.25"]
[WhiteClock "0:02:21"]
[BlackClock "0:02:30"]

1. e4 c6 2. d4 d5 3. e5 Bf5 4. Nf3 e6 5. c4 Ne7 6. h4 h6 7. Nc3 Nd7 8. Qb3 Qb6 9. c5 Qc7 10. Be3 b6 11. cxb6 axb6 12. Rc1 c5 13. Nb5 1-0


[Site "https://www.chess.com"]

[Event "Titled Tuesday Blitz April 25 Early 2023"]
[White "Rychkov, Roman"]
[Black "Kuzmin, Roman"]
[WhiteFideId "30985595"]
[BlackFideId "44134932"]
[WhiteElo "1946"]
[BlackElo "2192"]
[Result "1/2-1/2"]
[Round "02"]
[TimeControl "180+2"]
[Date "2023.04.25"]
[WhiteClock "0:00:17"]
[BlackClock "0:01:33"]

1. e4 c5 2. Nf3 d6 3. d4 cxd4 4. Nxd4 Nf6 5. Bd3 a6 6. c4 e6 7. Nc3 b6 8. Be3 Bb7 9. O-O Nbd7 10. b4 Be7 11. f4 O-O 12. Rc1 Rc8 13. g4 d5 14. cxd5 Bxb4 15. dxe6 Rxc3 16. exd7 Qxd7 17. Rxc3 Bxc3 18. Nf5 Rd8 19. Bxb6 Qxd3 20. Bxd8 Bd4+ 21. Nxd4 Qxe4 22. Nf3 Nxg4 23. Bb6 h6 24. Qd8+ Kh7 25. Qh4 Qg6 26. Ng5+ Kg8 27. Qxg4 Qxb6+ 28. Rf2 Qb1+ 29. Rf1 Qb6+ 30. Rf2 hxg5 31. Qxg5 f6 32. Qg3 Qb1+ 33. Rf1 Qxa2 34. f5 Qd5 35. Qb8+ Kh7 36. Qg3 Qd4+ 37. Rf2 a5 38. Qg6+ Kg8 39. Qe8+ Kh7 40. Qg6+ Kg8 41. Qe8+ Kh7 42. Qg6+ 1/2-1/2


[Site "https://www.chess.com"]

[Event "Titled Tuesday Blitz April 25 Early 2023"]
[White "ArrestingPieces"]
[Black "Bilan, Danila"]
[BlackFideId "24161918"]
[WhiteElo "2328"]
[BlackElo "2182"]
[Result "1-0"]
[Round "02"]
[TimeControl "180+2"]
[Date "2023.04.25"]
[WhiteClock "0:00:13"]
[BlackClock "0:00:06"]

1. e4 c6 2. d4 d5 3. exd5 cxd5 4. c4 Nf6 5. Nc3 Nc6 6. Nf3 Bg4 7. cxd5 Nxd5 8. Be2 e6 9. h3 Bh5 10. O-O Be7 11. Qb3 Qb6 12. Nxd5 Qxb3 13. Nc7+ Kd7 14. axb3 Kxc7 15. Be3 Rhd8 16. Rfc1 Rac8 17. g4 Bg6 18. Ne5 Kb8 19. Nxc6+ Rxc6 20. Rxc6 bxc6 21. d5 cxd5 22. Rxa7 d4 23. Rxe7 dxe3 24. fxe3 Rd2 25. Bf3 Rxb2 26. Rb7+ Kc8 27. b4 e5 28. Bd5 f5 29. Rxg7 fxg4 30. Be6+ Kd8 31. Rb7 Be4 32. Rb5 Ke7 33. Bxg4 Rg2+ 34. Kf1 Rb2 35. Rxe5+ Kf6 36. Rxe4 Kg5 37. Rf4 h5 38. Bf5 Rb3 39. Kf2 Rb2+ 40. Kf3 h4 41. Bd3 Rh2 42. Rg4+ Kh5 43. Bf1 Rb2 44. b5 Rb1 45. Be2 Rh1 46. Rb4 Rxh3+ 47. Kf2+ Kg6 48. b6 Rh2+ 49. Ke1 Rh1+ 50. Kd2 Rh3 51. b7 1-0


[Site "https://www.chess.com"]

[Event "Titled Tuesday Blitz April 25 Early 2023"]
[White "Salman, Pavel"]
[Black "Manon-og, Ramon Jr."]
[WhiteFideId "24153753"]
[BlackFideId "5200776"]
[WhiteElo "2187"]
[BlackElo "2328"]
[Result "0-1"]
[Round "02"]
[TimeControl "180+2"]
[Date "2023.04.25"]
[WhiteClock "0:00:09"]
[BlackClock "0:00:28"]

1. d4 Nf6 2. Nc3 d5 3. Bg5 e6 4. e3 Bb4 5. a3 Bxc3+ 6. bxc3 h6 7. Bxf6 Qxf6 8. Nf3 O-O 9. Bd3 b6 10. Ne5 Nd7 11. f4 Nxe5 12. dxe5 Qh4+ 13. g3 Qh3 14. Qf3 c5 15. e4 Bb7 16. c4 dxc4 17. Bf1 Qf5 18. Bg2 Qg6 19. O-O Rad8 20. g4 Rd4 21. f5 Qg5 22. Rae1 exf5 23. gxf5 Qh4 24. Qg3 Qxg3 25. hxg3 Re8 26. f6 g6 27. Rd1 Rxe5 28. Rxd4 cxd4 29. Rd1 Bxe4 30. Rxd4 Bxg2 31. Kxg2 Re2+ 32. Kf3 Rxc2 33. Rd8+ Kh7 34. Rd7 g5 35. Rxf7+ Kg6 36. Rxa7 Kxf6 37. Rc7 h5 38. Rc6+ Kf5 39. Rxb6 Rc3+ 40. Kf2 Rxa3 41. Rc6 Rc3 42. Rd6 Kg4 43. Rd4+ Kh3 44. g4 hxg4 45. Rd1 g3+ 46. Kg1 Rd3 47. Rc1 c3 48. Kf1 g2+ 49. Kf2 g4 50. Ra1 g3+ 51. Ke2 Rd2+ 52. Kf3 c2 53. Ra8 Rf2+ 54. Ke4 g1=Q 55. Rh8+ Kg2 56. Kd3 Qd1+ 57. Ke4 Re2+ 58. Kf4 c1=Q+ 59. Kg4 Re5+ 60. Kh4 Qc4# 0-1


[Site "https://www.chess.com"]

[Event "Titled Tuesday Blitz April 25 Early 2023"]
[White "Pavlidis, Anastasios"]
[Black "Mortazavi, Ali"]
[WhiteFideId "4208404"]
[BlackFideId "401323"]
[WhiteElo "2210"]
[BlackElo "2339"]
[Result "0-1"]
[Round "02"]
[TimeControl "180+2"]
[Date "2023.04.25"]
[WhiteClock "0:01:15"]
[BlackClock "0:00:07"]

1. e4 c6 2. Nf3 d5 3. Nc3 dxe4 4. Nxe4 Nf6 5. Nxf6+ exf6 6. d4 Bd6 7. Bd3 O-O 8. O-O Bg4 9. h3 Bh5 10. c3 Nd7 11. Be3 Re8 12. Re1 Nf8 13. Qd2 Bxf3 14. gxf3 Bc7 15. Bf4 Ne6 16. Bxc7 Qxc7 17. Bf5 Nf4 18. h4 g6 19. Bc2 Kg7 20. Re4 Rxe4 21. fxe4 Re8 22. Qe3 g5 23. Kh1 h6 24. Rg1 Ng6 25. hxg5 hxg5 26. Kg2 Rh8 27. Kf1 Qb6 28. b4 Qa6+ 29. Qe2 Qxa2 30. e5 Qa1+ 31. Bd1 Qxc3 32. exf6+ Kf8 33. Rxg5 Rh1+ 34. Rg1 Qh3+ 35. Ke1 Rxg1+ 36. Kd2 Qf1 37. Qf3 Qe1+ 38. Kc2 Rf1 39. Qg3 Qxf2+ 40. Qxf2 Rxf2+ 41. Kd3 Rxf6 0-1


[Site "https://www.chess.com"]